 Dungeon Sprint DCSS version 0.28-a0-793-g31680bbd8b (webtiles) character file.

Game seed: 6864161029802212683

54709 mhtbhm the Minotaur Blade (level 14, -8/152 HPs)
             Began as a Minotaur Fighter on Nov 4, 2021.
             Was the Champion of Okawaru.
             Mangled by Louise (18 damage)
             ... while paralysed by Xtahua
             ... in the Dungeon (Sprint IX: "|||||||||||||||||||||||||||||").
             The game lasted 00:17:53 (7365 turns).

mhtbhm the Minotaur Blade (Minotaur Fighter)        Turns: 7365, Time: 00:17:54

Health: -8/152     AC: 40    Str: 29    XL:     14   Next: 35%
Magic:  19/25      EV:  2    Int:  5    God:    Okawaru [******]
Gold:   15         SH:  0    Dex: 12    Spells: 13/13 levels left

rFire   + + +      SeeInvis +   a - +3 long sword "Makou" {freeze, Contam Fly rElec rF+++}
rCold   . . .      Faith    .   c - +0 kite shield {reflect}
rNeg    . . .      Spirit   .   b - +4 crystal plate armour
rPois   .          Reflect  +   (helmet restricted)
rElec   +          Harm     .   (no cloak)
rCorr   .          Rampage  .   y - +2 pair of gloves {Str+3}
Will    +....      NoTele   +   m - +0 pair of boots
Stlth   ..........              A - amulet of reflection
HPRegen 0.35/turn               n - +2 ring of evasion
MPRegen 0.19/turn               o - +2 ring of evasion

@: paralysed, lethally poisoned (-8 -> -20), heroic, finesse-ful, flying
A: horns 2, retaliatory headbutt, thin skeletal structure 1, see invisible, fire
resistance 1
a: Renounce Religion, Heroism, Finesse


You were in the Dungeon.
You worshipped Okawaru.
Okawaru was exalted by your worship.
You visited 1 branch You collected 1934 gold pieces.
You spent 1919 gold pieces at shops.

Inventory:

Hand Weapons
 a - the +3 long sword "Makou" (weapon) {freeze, Contam Fly rElec rF+++}
   (You bought it in a shop in the Dungeon)

   It freezes those it strikes, dealing additional cold damage.
   It can also slow down cold-blooded creatures.
   rF:        It renders you almost immune to fire.
   rElec:     It insulates you from electricity.
   Fly:       It grants you flight.
   Contam:    It causes magical contamination when unequipped.
 f - the +4 staff of Dispater
   (You took it off Dispater in the Dungeon)

   It can be evoked to hurl damnation at the cost of health and magic, with
   strength depending on Evocations skill.
 l - a +9 scimitar of holy wrath
Missiles
 s - 4 curare-tipped darts (quivered)
 t - 9 boomerangs
 x - 2 atropa-tipped darts
Armour
 b - a +4 crystal plate armour (worn)
 c - a +0 kite shield of reflection (worn)
 m - a +0 pair of boots (worn)
 y - a +2 pair of gloves of strength (worn)
Jewellery
 n - a +2 ring of evasion (left hand)
 o - a +2 ring of evasion (right hand)
 A - an amulet of reflection (around neck)
 D - a ring of willpower
Scrolls
 k - 2 scrolls of amnesia
 p - 2 scrolls of enchant weapon
 r - a scroll of fear
Potions
 d - 2 potions of attraction
 e - 3 potions of curing
 g - a potion of brilliance
 h - 4 potions of magic
 i - a potion of heal wounds
 v - 3 potions of resistance
 w - a potion of invisibility


   Skills:
 + Level 21.9(26.9) Fighting
 + Level 22.3(27) Long Blades
 + Level 11.0(16.0) Throwing
 + Level 20.4(25.4) Armour
 + Level 7.5(12.5) Dodging
 - Level 0.8(5.8) Stealth
 + Level 20.1(25.1) Shields
 * Level 16.1 Invocations
 + Level 4.8 Evocations


You had 13 spell levels left.
You didn't know any spells.
Your spell library contained the following spells:

 Spells                   Type           Power      Damage    Failure   Level
 Petrify                  Tmut/Erth      0%         N/A       100%        4
 Metabolic Englaciation   Hex/Ice        0%         N/A       100%        5
 Statue Form              Tmut/Erth      0%         N/A       100%        6


Dungeon Overview and Level Annotations

Branches:
Dungeon (1/1)

Altars:
Cheibriados
Dithmenos
Elyvilon
Fedhas
Gozag
Hepliaklqana
Kikubaaqudgha
Makhleb
Nemelex Xobeh
Okawaru
Qazlal
Ru
Sif Muna
Trog
Uskayaw
Vehumet
Wu Jian
Xom
Yredelemnul
Zin
The Shining One
Beogh
Jiyva
Lugonu

Shops:
D (!(:

Annotations:
D Louise, Xtahua


Innate Abilities, Weirdness & Mutations

You have a pair of horns on your head.
You reflexively headbutt those who attack you in melee.
You have a somewhat thin skeletal structure. (Dex +2, Stealth+)
You have supernaturally acute eyesight. (SInv)
Your flesh is heat resistant. (rF+)


Message History

You block the Orb Guardian's attack. Xtahua bites you!
Xtahua claws you but does no damage. You block Xtahua's attack.
Louise hits you but does no damage.
The ironbound convoker casts a spell at Louise.
Louise seems to grow stronger.
You can now deal lightning-fast blows.
The Orb Guardian hits you! You block Xtahua's attack.
Xtahua claws you but does no damage. You block Xtahua's attack.
The deep elf annihilator mumbles some strange words.
The deep elf annihilator blinks!
Louise hits you from afar with a +1 trident of venom!!
You are poisoned.
The Orb Guardian misses you.
You feel better. The Orb Guardian hits you. Xtahua thunders ferociously at you!
You suddenly lose the ability to move!
Louise hits you from afar with a +1 trident of venom!
You are poisoned.
You feel very sick. The Orb Guardian hits you!
* * * LOW HITPOINT WARNING * * *
Xtahua bites you but does no damage. Xtahua claws you but does no damage.
Xtahua tramples you but does no damage. Louise hits you but does no damage.
You are more poisoned.
You feel very sick.
The Orb Guardian hits you but does no damage.
Xtahua bites you.
* * * LOW HITPOINT WARNING * * *
Xtahua claws you but does no damage. Xtahua tramples you but does no damage.
Louise completely misses you. The Orb Guardian barely misses you.
You feel very sick. The Orb Guardian hits you!
* * * LOW HITPOINT WARNING * * *
Xtahua bites you.
* * * LOW HITPOINT WARNING * * *
Xtahua barely misses you. Xtahua tramples you.
* * * LOW HITPOINT WARNING * * *
You hold your ground!
Louise hits you from afar with a +1 trident of venom!!
You die...

.......)..([..)..................
▓▓▓▓▓▓▓▓▓▓▓▓▓▓▓▓▓▓▓▓▓▓▓▓▓▓▓▓▓▓▓▓▓
...)))))))).[[[[["[[.......=..(.[
▓▓▓▓▓▓▓▓▓▓▓▓▓▓▓▓▓▓▓▓▓▓▓▓▓▓▓▓▓▓▓▓▓
....†.......)[...................
▓▓▓♣♣♣♣♣♣♣♣♣♣▓▓▓▓▓▓▓▓▓▓▓▓▓▓▓▓▓▓▓▓
..![......)..'.........')...)...)
▓▓▓♣♣♣♣♣♣♣♣♣♣▓▓▓▓▓▓▓▓▓▓▓▓▓▓▓▓▓▓▓▓
............pe@D@XM..............
▓▓▓▓▓▓▓▓▓▓▓▓▓▓▓▓▓▓▓▓▓▓▓▓▓▓▓▓▓▓▓▓▓
)...[)[[..[......().&..[)&Xppcp
▓▓▓▓▓▓▓▓▓▓▓▓▓▓▓▓▓▓▓▓▓▓▓▓▓▓▓▓▓▓▓


You could see Xtahua, Louise (strong), an Orb Guardian, a deep elf annihilator,
an ironbound convoker (catching breath) and a guardian mummy.

Vanquished Creatures
  Dispater (D)
  An Orb Guardian (D)
  Donald (D)
  3 stone giants (D)
  An ironbound preserver (D)
  A spark wasp (D)
  A dire elephant (D)
  An ettin (D)
  3 fire dragons (D)
  A merfolk impaler (D)
  3 great orbs of eyes (D)
  6 hydras (D)
  A boulder beetle (D)
  3 ice dragons (D)
  A spriggan air mage (D)
  An ice dragon (shapeshifter) (D)
  A catoblepas (D)
  An alligator (D)
  2 two-headed ogres (D)
  An anaconda (D)
  2 tengu warriors (D)
  A deep troll shaman (D)
  4 death yaks (D)
  2 orc high priests (D)
  2 deep troll earth magi (D)
  A naga sharpshooter (D)
  3 spriggan berserkers (D)
  Urug (D)
  Sonja (D)
  A skeletal warrior (D)
  A sea snake (D)
  3 swamp dragons (D)
  A glowing orange brain (D)
  A naga ritualist (D)
  An orc knight (D)
  A necromancer (D)
  4 ugly things (D)
  2 orb spiders (D)
  3 cyclopes (D)
  A deep elf pyromancer (D)
  2 wolf spiders (D)
  3 orc sorcerers (D)
  A manticore (D)
  2 slime creatures (D)
  A merfolk siren (D)
  A vault sentinel (D)
  A guardian serpent (D)
  3 naga magi (D)
  A black mamba (D)
  A cane toad (D)
  An unseen horror (D)
  A demonic crawler (D)
  A kobold demonologist (D)
  A tengu conjurer (D)
  2 merfolk (D)
  A blink frog (D)
  A tyrant leech (D)
  A hornet (D)
  3 snapping turtles (D)
  2 redbacks (D)
  5 yaks (D)
  Eustachio (D)
  A vampire mosquito (D)
  A naga (D)
  A steam dragon (D)
  3 water moccasins (D)
  9 orc warriors (D)
  4 wolves (D)
  5 bullfrogs (D)
  A gnoll sergeant (D)
  A hound (D)
  A gnoll shaman (D)
  An orc priest (D)
  An iguana (D)
  3 orc wizards (D)
  An adder (D)
  18 orcs (D)
  A hobgoblin (D)
  A quokka (D)
  A ball python (D)
  A ball python zombie (D)
  2 rats (D)
163 creatures vanquished.

Vanquished Creatures (others)
  A meliai (D)
  2 orcs (D)
3 creatures vanquished.

Grand Total: 166 creatures vanquished

Notes
Turn   | Place    | Note
-------+----------+-------------------------------------------
     0 | D        | mhtbhm the Minotaur Fighter began the quest for the Orb.
     0 | D        | Reached XP level 1. HP: 19/19 MP: 0/0
    47 | D        | Noticed an iguana
    47 | D        | Noticed a gnoll sergeant
    47 | D        | Noticed a hound
    53 | D        | Killed an iguana
    54 | D        | Reached skill level 5 in Fighting
    54 | D        | Reached skill level 3 in Long Blades
    54 | D        | Reached skill level 5 in Armour
    54 | D        | Reached skill level 5 in Shields
    54 | D        | Reached XP level 2. HP: 29/29 MP: 1/1
    54 | D        | Reached XP level 3. HP: 36/36 MP: 2/2
    62 | D        | Killed a gnoll sergeant
    63 | D        | Reached skill level 5 in Long Blades
    63 | D        | Reached XP level 4. HP: 27/45 MP: 3/3
    77 | D        | Found a snail-covered altar of Cheibriados.
    77 | D        | Found a shadowy altar of Dithmenos.
    77 | D        | Found a white marble altar of Elyvilon.
    77 | D        | Found a blossoming altar of Fedhas.
    77 | D        | Found an opulent altar of Gozag.
    78 | D        | Found a hazy altar of Hepliaklqana.
    79 | D        | Found a viscous altar of Jiyva.
    80 | D        | Found an ancient bone altar of Kikubaaqudgha.
    81 | D        | Found a corrupted altar of Lugonu.
    82 | D        | Found a burning altar of Makhleb.
    83 | D        | Found a sparkling altar of Nemelex Xobeh.
    84 | D        | Found an iron altar of Okawaru.
    85 | D        | Found a stormy altar of Qazlal.
    86 | D        | Found a sacrificial altar of Ru.
    87 | D        | Found a shimmering blue altar of Sif Muna.
    88 | D        | Found a bloodstained altar of Trog.
    89 | D        | Found a hide-covered altar of Uskayaw.
    90 | D        | Found a radiant altar of Vehumet.
    91 | D        | Found an ornate altar of the Wu Jian Council.
    92 | D        | Became a worshipper of Warmaster Okawaru
    93 | D        | Found a shimmering altar of Xom.
    94 | D        | Found a basalt altar of Yredelemnul.
    95 | D        | Found a glowing silver altar of Zin.
    96 | D        | Found a glowing golden altar of the Shining One.
   254 | D        | Noticed a steam dragon
   254 | D        | Noticed an orc warrior
   254 | D        | Noticed a two-headed ogre
   257 | D        | Killed a steam dragon
   258 | D        | Reached skill level 7 in Long Blades
   258 | D        | Reached skill level 1 in Dodging
   258 | D        | Reached XP level 5. HP: 53/53 MP: 4/4
   262 | D        | Reached XP level 6. HP: 49/62 MP: 5/5
   267 | D        | Killed an orc warrior
   268 | D        | Reached skill level 8 in Long Blades
   275 | D        | Killed an unseen horror
   275 | D        | Reached * piety under Okawaru
   276 | D        | Reached skill level 10 in Long Blades
   276 | D        | Reached skill level 10 in Shields
   276 | D        | Reached XP level 7. HP: 41/71 MP: 6/6
   281 | D        | Killed a two-headed ogre
   281 | D        | Reached ** piety under Okawaru
   282 | D        | Reached skill level 10 in Fighting
   282 | D        | Reached skill level 12 in Long Blades
   282 | D        | Reached skill level 10 in Armour
   282 | D        | Reached XP level 8. HP: 35/81 MP: 7/7
   486 | D        | Noticed a two-headed ogre
   486 | D        | Noticed a slime creature
   486 | D        | Noticed a slime creature
   486 | D        | Noticed a kobold demonologist
   486 | D        | Noticed a meliai
   486 | D        | Noticed a cyclops
   505 | D        | Killed a two-headed ogre
   505 | D        | Reached *** piety under Okawaru
   506 | D        | Reached skill level 13 in Long Blades
   506 | D        | Reached skill level 1 in Evocations
   543 | D        | Killed a large slime creature
   543 | D        | Reached **** piety under Okawaru
   544 | D        | Reached XP level 9. HP: 89/90 MP: 8/8
   547 | D        | Killed a meliai
   552 | D        | Noticed a sixfirhy
   554 | D        | Killed a kobold demonologist
   555 | D        | Reached skill level 14 in Long Blades
   560 | D        | Killed a cyclops
   561 | D        | Reached skill level 15 in Long Blades
   702 | D        | Noticed a cane toad
   713 | D        | Reached skill level 1 in Invocations
   733 | D        | Killed a cane toad
   733 | D        | Reached ***** piety under Okawaru
   846 | D        | Noticed a seven-headed hydra
   847 | D        | Noticed a six-headed hydra
   864 | D        | Killed an 11-headed hydra
   864 | D        | Identified the +1 ring mail "Poratt" {rElec rN+ rCorr
                  | Str-5} (Okawaru gifted it to you in the Dungeon)
   864 | D        | Received a gift from Okawaru
   865 | D        | Reached skill level 16 in Long Blades
   865 | D        | Reached XP level 10. HP: 71/101 MP: 5/12
   881 | D        | Killed a 13-headed hydra
   882 | D        | Reached skill level 5 in Invocations
  1256 | D        | Noticed a death yak
  1256 | D        | Noticed a death yak
  1256 | D        | Noticed a catoblepas
  1257 | D        | Noticed a death yak
  1262 | D        | Noticed a death yak
  1266 | D        | Killed a death yak
  1273 | D        | Killed a death yak
  1274 | D        | Reached skill level 17 in Long Blades
  1274 | D        | Reached skill level 5 in Dodging
  1434 | D        | Killed a catoblepas
  1697 | D        | Killed a death yak
  1698 | D        | Reached XP level 11. HP: 77/111 MP: 15/15
  1897 | D        | Killed a death yak
  1898 | D        | Reached skill level 15 in Fighting
  2236 | D        | Noticed Eustachio
  2237 | D        | Noticed Sonja
  2246 | D        | Killed Eustachio
  2251 | D        | Killed Sonja
  2251 | D        | Received a gift from Okawaru
  2252 | D        | Reached skill level 15 in Armour
  2522 | D        | Noticed an ettin
  2539 | D        | Killed an ettin
  2710 | D        | Noticed an orc knight
  2724 | D        | Reached skill level 18 in Long Blades
  2749 | D        | Killed an orc knight
  3018 | D        | Found Duto's Weapon Emporium.
  3018 | D        | Noticed an orc sorcerer
  3018 | D        | Noticed an orc sorcerer
  3021 | D        | Killed an orc sorcerer
  3024 | D        | Noticed an orc sorcerer
  3030 | D        | Killed an orc sorcerer
  3031 | D        | Reached skill level 1 in Throwing
  3038 | D        | Found Poych's Distillery.
  3041 | D        | Killed an orc sorcerer
  3042 | D        | Found Sielirant's Weapon Emporium.
  3146 | D        | Found Owicoll's Book Shoppe.
  3150 | D        | Noticed an orc high priest
  3150 | D        | Noticed an orc high priest
  3162 | D        | Killed an orc high priest
  3167 | D        | Killed an orc high priest
  3167 | D        | Reached ****** piety under Okawaru
  3195 | D        | Bought the +3 long sword "Makou" {freeze, Contam Fly rElec
                  | rF+++} for 801 gold pieces
  3198 | D        | Bought a potion of might for 52 gold pieces
  3198 | D        | Bought 2 potions of resistance for 260 gold pieces
  3198 | D        | Bought a potion of invisibility for 104 gold pieces
  3198 | D        | Bought a potion of resistance for 130 gold pieces
  3198 | D        | Bought a potion of attraction for 39 gold pieces
  3198 | D        | Bought a potion of berserk rage for 65 gold pieces
  3202 | D        | Bought a book of Sloth for 468 gold pieces
  3273 | D        | Noticed Urug
  3281 | D        | Killed Urug
  3282 | D        | Reached skill level 10 in Invocations
  3546 | D        | Noticed a skeletal warrior
  3546 | D        | Noticed a white ugly thing
  3546 | D        | Noticed a green ugly thing
  3546 | D        | Noticed a deep elf pyromancer
  3549 | D        | Killed a deep elf pyromancer
  3550 | D        | Reached skill level 19 in Long Blades
  3551 | D        | Noticed a six-headed hydra
  3553 | D        | Reached XP level 12. HP: 116/125 MP: 18/18
  3553 | D        | Received a gift from Okawaru
  3554 | D        | Reached skill level 15 in Shields
  3560 | D        | Noticed a stone giant
  3575 | D        | Noticed a stone giant
  3576 | D        | Killed a 14-headed hydra
  3829 | D        | Killed a stone giant
  3829 | D        | Received a gift from Okawaru
  4213 | D        | Killed a stone giant
  4213 | D        | Identified the +2 robe of the Festooned Wumpus {rC++ Str+2}
                  | (Okawaru gifted it to you in the Dungeon)
  4213 | D        | Received a gift from Okawaru
  4615 | D        | Noticed a fire dragon
  4631 | D        | Killed a fire dragon
  4690 | D        | Noticed a spriggan air mage
  4692 | D        | Noticed a fire dragon
  4697 | D        | Killed a spriggan air mage
  4698 | D        | Reached skill level 20 in Long Blades
  4703 | D        | Killed a fire dragon
  4827 | D        | Noticed an alligator
  4827 | D        | Noticed a four-headed hydra
  4827 | D        | Noticed a five-headed hydra
  4834 | D        | Noticed a five-headed hydra
  4837 | D        | Reached skill level 5 in Throwing
  4841 | D        | Killed an alligator
  4850 | D        | Killed a 12-headed hydra
  4858 | D        | Killed an eight-headed hydra
  4871 | D        | Killed a 12-headed hydra
  5293 | D        | Noticed a boulder beetle
  5298 | D        | Reached XP level 13. HP: 137/137 MP: 21/21
  5375 | D        | Noticed a merfolk impaler
  5447 | D        | Received a gift from Okawaru
  5584 | D        | Killed a merfolk impaler
  5703 | D        | Reached skill level 21 in Long Blades
  5919 | D        | Noticed Donald
  5940 | D        | HP: 4/139 [Donald (33)]
  5947 | D        | Killed Donald
  6305 | D        | Paralysed by a great orb of eyes for 7 turns
  6322 | D        | Received a gift from Okawaru
  6376 | D        | Received a gift from Okawaru
  6384 | D        | Noticed a spark wasp
  6396 | D        | Killed a spark wasp
  6396 | D        | Noticed a fire dragon
  6406 | D        | Killed a fire dragon
  6407 | D        | Reached skill level 15 in Invocations
  6413 | D        | Reached skill level 10 in Throwing
  6664 | D        | Noticed a stone giant
  6682 | D        | Killed a stone giant
  6683 | D        | Reached XP level 14. HP: 141/151 MP: 24/24
  6756 | D        | Noticed an ironbound preserver
  6765 | D        | Noticed an ironbound preserver
  6769 | D        | Noticed an Orb Guardian
  6769 | D        | Found the +4 staff of Dispater
  6769 | D        | Noticed Dispater
  6769 | D        | Killed an ironbound preserver
  6769 | D        | Identified the +1 cloak "Zeelid" {rElec rF+} (Okawaru
                  | gifted it to you in the Dungeon)
  6769 | D        | Received a gift from Okawaru
  7036 | D        | Gained mutation: You are clumsy. (Dex -2) [mutagenic glow]
  7046 | D        | Lost mutation: You are clumsy. (Dex -2) [potion of
                  | mutation]
  7046 | D        | Gained mutation: You have a somewhat thin skeletal
                  | structure. (Dex +2, Stealth+) [potion of mutation]
  7046 | D        | Gained mutation: Your flesh is heat resistant. (rF+)
                  | [potion of mutation]
  7046 | D        | Gained mutation: You have supernaturally acute eyesight.
                  | (SInv) [potion of mutation]
  7140 | D        | Noticed a Hell Sentinel
  7152 | D        | Noticed a Hell Sentinel
  7182 | D        | Killed Dispater
  7183 | D        | Reached skill level 22 in Long Blades
  7188 | D        | Killed an Orb Guardian
  7351 | D        | Noticed Xtahua
  7351 | D        | Noticed Louise
  7351 | D        | Noticed an Orb Guardian
  7362 | D        | Paralysed by Xtahua for 4 turns
  7365 | D        | Mangled by Louise

Illustrated notes

Levels and vault maps discovered:
D:        linesprint [early_d, line_temple, items_1, d_10, items_2, lair_1,
          lair_end, items_3, orc_1, orc_end, items_4, d_15, swamp_1, shoals_1,
          snake_1, spider_1, d_20, vaults_1, items_5, swamp_end, shoals_end,
          snake_end, spider_end, vaults_end, d_27, items_6, zot_1, zot_end,
          crypt_end, forest_end, elf_end, slime_end, tomb_end, abyss_end,
          pan_hell_end]

Skill      XL: |  1  2  3  4  5  6  7  8  9 10 11 12 13 14 |
---------------+-------------------------------------------+-----
Fighting       | 5 6 8 9 10 11 13 14 17 19 21 | 21.9
Armour         | 5 6 7 8 9 10 12 13 14 16 18 19 20 | 20.4
Shields        | 5 6 8 10 11 12 13 14 16 19 20 | 20.1
Long Blades    | 3 5 7 10 12 13 16 17 19 20 21 22 | 22.3
Dodging        | 1 2 3 4 5 6 7 |  7.5
Evocations     | 1 3 4 |  4.8
Invocations    | 4 7 10 12 15 16 | 16.1
Throwing       | 2 6 10 11 | 11.0
Stealth        | |  0.8

Action                   |  1- 3 |  4- 6 |  7- 9 | 10-12 | 13-15 || total
-------------------------+-------+-------+-------+-------+-------++-------
Melee: Long sword        |    21 |     9 |       |   114 |   193 ||   337
       Headbutt          |     5 |     5 |    14 |    77 |    62 ||   163
       Scimitar          |       |    20 |    74 |   208 |    48 ||   350
Throw: Javelin           |       |       |       |    18 |    31 ||    49
       Dart              |       |       |       |     9 |     8 ||    17
Invok: Finesse           |       |       |     1 |     1 |     4 ||     6
       Heroism           |       |       |       |     2 |     4 ||     6
Evoke: Wand              |       |       |    10 |       |       ||    10
  Use: Potion            |     2 |     1 |     4 |     3 |    12 ||    22
       Scroll            |       |       |       |     1 |    12 ||    13
 Stab: Invisible         |       |       |     1 |       |       ||     1
Armor: Scale mail        |     5 |     5 |       |       |       ||    10
       Chain mail        |       |     6 |    20 |    40 |       ||    66
       Plate armour      |       |       |       |    56 |    20 ||    76
       Crystal plate arm |       |       |       |       |    46 ||    46
Dodge: Dodged            |     4 |    14 |    29 |   129 |    79 ||   255
Block: Buckler           |     7 |     8 |    20 |   100 |    48 ||   183
       Reflection        |       |       |       |     1 |     4 ||     5
       Kite shield       |       |       |       |       |    76 ||    76

Table legend: (Time is in decaauts)
 A = Elapsed time spent in this place.
 B = Non-inter-level travel time spent in this place.
 C = Inter-level travel time spent in this place.
 D = Time resting spent in this place.
 E = Time spent auto-exploring this place.
 F = Levels seen in this place.
 G = Mean time per level.
                   A        B        C        D        E       F      G
               +--------+--------+--------+--------+--------+-----+--------+
         Total |   7115 |   7115 |      0 |   3363 |   1673 |   1 | 7115.0 |
       Dungeon |   7115 |   7115 |      0 |   3363 |   1673 |   1 | 7115.0 |
               +--------+--------+--------+--------+--------+-----+--------+

Top non-repeatable levels by time:
       D: 7115 daAuts
